 Dungeon Crawl Stone Soup version 0.20.1-1-g8b1a95d (webtiles) character file.

44 Zachthehappycat the Sneak (level 3, -1/16 HPs)
             Began as a Spriggan Enchanter on July 6, 2017.
             Was a Follower of Nemelex Xobeh.
             Slain by a jackal (3 damage)
             ... on level 3 of the Dungeon.
             The game lasted 00:05:11 (1501 turns).

Zachthehappycat the Sneak (Spriggan Enchanter)      Turns: 1501, Time: 00:05:12

Health: -1/16      AC:  2    Str:  4    XL:     3   Next: 41%
Magic:  7/8        EV: 19    Int: 16    God:    Nemelex Xobeh [*.....]
Gold:   81         SH:  0    Dex: 17    Spells: 1/8 levels left

rFire    . . .     SeeInvis +   a - +1 dagger
rCold    . . .     Gourm    .   (shield restricted)
rNeg     . . .     Faith    .   b - +0 robe
rPois    .         Spirit   .   (helmet restricted)
rElec    .         Reflect  .   (no cloak)
rCorr    .         Harm     .   (gloves unavailable)
MR       .....                  (boots unavailable)
Stlth    +++.......             (no amulet)
Regen    0.1/turn               (no ring)
MPRegen  0.2/turn               (no ring)

@: very quick
A: unfitting armour, see invisible, herbivore 3, speed 3, slow metabolism 2
a: Renounce Religion


You were on level 3 of the Dungeon.
You worshipped Nemelex Xobeh.
Nemelex Xobeh was aware of your devotion.
You were not hungry.

You visited 1 branch of the dungeon, and saw 3 of its levels.

You collected 81 gold pieces.

Inventory:

Hand Weapons
 a - a +1 dagger (weapon)
Missiles
 l - 28 stones (quivered)
Armour
 b - a +0 robe (worn)
Scrolls
 e - 5 scrolls of recharging {unknown}
 f - 2 scrolls of identify {unknown}
 h - 2 scrolls of magic mapping {unknown}
 i - a scroll of enchant weapon {unknown}
 m - a scroll of teleportation {unknown}
Potions
 g - a potion of resistance {unknown}
 j - a potion of haste {unknown}
 n - a potion of curing
 p - a potion of brilliance {unknown}
 q - a potion of cancellation {unknown}
Books
 c - a book of Maledictions

   Spells                             Type                      Level
   a - Corona                         Hexes                        1
   b - Ensorcelled Hibernation        Hexes/Ice                    2
   c - Confuse                        Hexes                        3
   d - Tukima's Dance                 Hexes                        3
   e - Dazzling Spray                 Conjuration/Hexes            3
Miscellaneous
 o - a plain deck of escape {drawn: 1}
Comestibles
 d - 2 bread rations
 k - a royal jelly


   Skills:
 + Level 1.7 Short Blades
 + Level 3.8 Dodging
 + Level 5.0 Stealth
 + Level 3.2 Spellcasting
 + Level 4.0 Hexes


You had one spell level left.
You knew the following spells:

 Your Spells              Type           Power        Failure   Level  Hunger
a - Corona                Hex            ###....      3%          1    None
b - Tukima's Dance        Hex            ###.....     11%         3    ###....
c - Dazzling Spray        Conj/Hex       #.....       24%         3    ###....


Dungeon Overview and Level Annotations

Branches:
Dungeon (3/15)

Altars:
Nemelex Xobeh


Innate Abilities, Weirdness & Mutations

You are very small and have problems with some larger weapons.
You are too small for most types of armour.
You have supernaturally acute eyesight. (SInv)
You are a herbivore.
You cover ground extremely quickly.
You need consume almost no food.


Message History

Found 11 gold pieces.
Found 4 large rocks.
Found a stone staircase leading down.
A kobold comes into view.
An adder comes into view.
The adder hisses angrily.
The adder moves out of view.
You see here 11 gold pieces.
You now have 81 gold pieces (gained 11).
Casting: Corona
Confirm with . or Enter, or press ? or * to list all spells.
Aiming: Corona
Press: ? - help, Shift-Dir - straight line, f/p - jackal
Aim: a jackal (chance to defeat MR: 69%)
The jackal is outlined in light.
The kobold shouts!
You hear a shout!
The jackal barely misses you.
A goblin comes into view. It is wielding a club.
You hit the jackal but do no damage. The jackal bites you.
You die...
Your body glows slightly and disappears.

#################
#...............##
#####...............#
#..>...........###..#
#.#....#######..#
#...@h.K.# ##.# ##
...S....#.#.# ####.#
.## ...#.#g##.#.#
#....##.## . #... ..#
# #.......## ###. ###
#.....#### #.
+........( ##
#...%#.### #....#.<..
#....##.##


You could see an adder, a jackal, a goblin and a kobold.

Vanquished Creatures
  An adder (D:2)
  A worm (D:2)
  4 giant cockroaches
  7 goblins
  4 jackals
  5 bats
  4 kobolds (D:1)
  3 rats (D:1)
29 creatures vanquished.

Notes
Turn   | Place    | Note
-------+----------+-------------------------------------------
     0 | D:1      | Zachthehappycat the Spriggan Enchanter began the quest for the Orb.
     0 | D:1      | Reached XP level 1. HP: 9/9 MP: 5/5
   291 | D:1      | Reached XP level 2. HP: 12/13 MP: 6/6
   856 | D:2      | Reached XP level 3. HP: 2/16 MP: 5/8
  1226 | D:2      | Reached skill level 5 in Stealth
  1227 | D:2      | Found a faded altar of an unknown god.
  1247 | D:2      | Became a worshipper of Nemelex Xobeh the Trickster
  1247 | D:2      | Received a gift from Nemelex Xobeh
  1247 | D:2      | Reached * piety under Nemelex Xobeh
  1443 | D:2      | Learned a level 3 spell: Tukima's Dance
  1447 | D:2      | Learned a level 3 spell: Dazzling Spray
  1501 | D:3      | Slain by a jackal

Skill      XL: |  1  2  3 |
---------------+----------+-----
Spellcasting   | 3 |  3.2
Stealth        | 5 |  5.0
Hexes          | 4 |  4.0
Short Blades   | |  1.7
Dodging        | |  3.8

Action                   || total
-------------------------++-------
Melee: Dagger            ||   131
 Cast: Corona            ||     7
Evoke: Deck              ||     1
  Use: Potion            ||     1
 Stab: Sleeping          ||    12
Armor: Robe              ||    17
Dodge: Dodged            ||   152
